 Dungeon Crawl Stone Soup version 0.30-a0-3-gc9032a9cac (webtiles) character file.

Game seed: 7339799826585258349

6 BritishOli the Trooper (level 1, 0/18 HPs)
             Began as a Demonspawn Fighter on Aug 20, 2022.
             Slain by a goblin
             ... wielding a +2 dagger of venom
              (5 damage)
             ... on level 1 of the Dungeon.
             The game lasted 00:00:05 (176 turns).

BritishOli the Trooper (Demonspawn Fighter)          Turns: 176, Time: 00:00:06

Health: 0/18       AC:  6    Str: 16    XL:     1   Next: 75%
Magic:  1/1        EV:  8    Int:  9    God:
Gold:   27         SH:  4    Dex: 12    Spells: 0/0 levels left

rFire   . . .      SeeInvis .    a - +0 long sword
rCold   . . .      Faith    .    c - +0 buckler
rNeg    . . .      Spirit   .    b - +0 scale mail
rPois   .          Reflect  .    (no helmet)
rElec   .          Harm     .    (no cloak)
rCorr   .          Rampage  .    (no gloves)
Will    .....                    (no boots)
Stlth   ..........               (no amulet)
HPRegen 0.06/turn                (no ring)
MPRegen 0.07/turn                (no ring)

@: lethally poisoned (0 -> -14)
A: no striking features
a: no special abilities


You were on level 1 of the Dungeon.
You visited 1 branch of the dungeon, and saw 1 of its levels.

You collected 27 gold pieces.

Inventory:

Hand Weapons
 a - a +0 long sword (weapon)
Armour
 b - a +0 scale mail (worn)
 c - a +0 buckler (worn)
Scrolls
 h - a scroll of fear {unknown}
Potions
 d - a potion of might
 e - a potion of haste {unknown}
 f - a potion of berserk rage {unknown}
 g - a potion of magic {unknown}


   Skills:
 + Level 3.1 Fighting
 + Level 1.9 Long Blades
 + Level 2.8 Armour
 + Level 2.8 Shields


You couldn't memorise any spells.
You didn't know any spells.
Your spell library was empty.

Dungeon Overview and Level Annotations

Branches:
Dungeon (1/15)

Altars:


Message History

You barely miss the frilled lizard. The frilled lizard bites you.
The frilled lizard bites you but does no damage.
You miss the frilled lizard. The frilled lizard barely misses you.
You miss the frilled lizard.
A goblin comes into view. It is wielding a +2 dagger of venom.
The frilled lizard bites you but does no damage.
There are monsters nearby!
You barely miss the frilled lizard.
The goblin shouts!
You block the frilled lizard's attack.
The frilled lizard bites you but does no damage.
A rat comes into view.
There are monsters nearby!
You hit the frilled lizard but do no damage.
The frilled lizard closely misses you.
There are monsters nearby!
You closely miss the frilled lizard. The frilled lizard barely misses you.
There are monsters nearby!
You miss the frilled lizard.
The frilled lizard bites you but does no damage.
The goblin hits you but does no damage.
You are poisoned.
The frilled lizard misses you.
There are monsters nearby!
You closely miss the frilled lizard.
You feel very sick.
The goblin hits you with a +2 dagger of venom.
You are lethally poisoned!
The frilled lizard bites you but does no damage.
There is a lethal amount of poison in your body!
You are too injured to fight recklessly!
There is a lethal amount of poison in your body!
You are too injured to fight recklessly!
There is a lethal amount of poison in your body!
You are too injured to fight recklessly!
You are too injured to fight recklessly!
* * * LOW HITPOINT WARNING * * *
You feel very sick.
The goblin hits you with a +2 dagger of venom.
You die...

#.##.#...# #### ..
.....#...# ...
#.##.#...###### .#.# ###
#.##.#...##.... ........
##.######.... ...#.##
#............ .r..
#............
..#.###g#####..######....
......l.@†........# #....
.........####..##.# ##'##
#.#.###..# #....... #.##
# #..# #..##.##.#.## #..#
#..# # #.## ...# ##.#
#.## #.... ... ..## ....#
.# #### #


You could see a goblin, a frilled lizard and a rat.

Vanquished Creatures
  4 jackals (D:1)
  A ball python (D:1)
5 creatures vanquished.

Notes
Turn   | Place    | Note
-------+----------+-------------------------------------------
     0 | D:1      | BritishOli the Demonspawn Fighter began the quest for the
                  | Orb.
     0 | D:1      | Reached XP level 1. HP: 18/18 MP: 1/1
   176 | D:1      | Slain by a goblin

Illustrated notes

Levels and vault maps discovered:
D:1:      ebering_trefoil_twist, layout_basic

Action                   || total
-------------------------++-------
Melee: Long sword        ||    16
Armor: Scale mail        ||     7
Dodge: Dodged            ||     8
Block: Buckler           ||     2

Table legend: (Time is in decaauts)
 A = Elapsed time spent in this place.
 B = Non-inter-level travel time spent in this place.
 C = Inter-level travel time spent in this place.
 D = Time resting spent in this place.
 E = Time spent auto-exploring this place.
 F = Levels seen in this place.
 G = Mean time per level.
                   A        B        C        D        E       F      G
               +--------+--------+--------+--------+--------+-----+--------+
         Total |    181 |    181 |      0 |      0 |    142 |   1 |  181.0 |
       Dungeon |    181 |    181 |      0 |      0 |    142 |   1 |  181.0 |
               +--------+--------+--------+--------+--------+-----+--------+

Top non-repeatable levels by time:
     D:1: 181 daAuts
